Map: Frozen Temple

Players

Miszu

  • Race: Terran Terran
  • League: Grandmaster

soul - Winner!

  • Race: Terran Terran
  • League: Master

VOD

Have the link to the VOD?

Description

Time

  • Played on: May 13, 2016, 1:50 p.m.
  • Length: 11:13
Show
View Real Time Build Order
Export as new Build Order

Miszu Terran 

Build Orders: 1/1/1, MMM Bio, Banshee Rush 

Get SALT Encoding   

  12  0:00  SCV  
  13  0:13  SCV  
  14  0:17  Supply Depot  
  14  0:25  SCV  
  15  0:28  Refinery  
  15  0:39  SCV  
  16  0:45  Barracks  
  16  0:51  SCV  
  17  0:59  Refinery  
  17  1:03  SCV  
  18  1:15  SCV  
  19  1:27  SCV  
  21  1:35  Factory  
  21  1:36  Reaper  
  21  1:42  Orbital Command  
  21  1:51  Supply Depot  
  21  2:08  Reaper, SCV  
  23  2:18  Hellion  
  23  2:22  Starport  
  25  2:23  SCV  
  26  2:30  Supply Depot  
  26  2:36  SCV  
  27  2:40  Reaper  
  27  2:43  Hellion  
  30  2:48  SCV  
  31  2:55  Supply Depot  
  30  3:10  Hellion, Medivac  
  30  3:12  Barracks Tech Lab, SCV  
  36  3:34  SCV  
  36  3:44  Barracks Reactor  
  36  3:45  Command Center  
  36  3:47  SCV  
  37  3:50  Cloaking Field, Banshee  
  40  3:58  Supply Depot  
  40  3:59  Factory Tech Lab  
  40  4:00  SCV  
  41  4:12  SCV  
  34  4:33  Banshee  
  34  4:35  SCV  
  36  4:42  Command Center, Siege Tank  
  39  4:48  SCV  
  40  4:57  Orbital Command  
  40  5:00  SCV  
  41  5:12  Marine x2, SCV  
  44  5:14  Siege Tank  
  47  5:24  SCV  
  47  5:25  SCV  
  49  5:36  SCV  
  49  5:39  SCV  
  51  5:46  Marine x2  
  51  5:48  SCV  
  51  5:50  Siege Tank  
  51  5:51  SCV  
  51  5:53  Barracks  
  51  5:55  Starport Reactor, Barracks  
  55  5:58  Orbital Command  
  55  6:00  SCV  
  55  6:04  SCV  
  57  6:09  Marine x2  
  59  6:12  SCV  
  59  6:14  Refinery  
  59  6:15  Refinery  
  60  6:19  Engineering Bay, SCV  
  60  6:20  Engineering Bay  
  60  6:23  Siege Tank  
  60  6:24  SCV  
  60  6:25  SCV  
  63  6:26  Marine  
  64  6:33  Marine, Medivac x2  
  64  6:37  SCV  
  64  6:38  SCV x2  
  72  6:40  Stimpack  
  72  6:42  Barracks Tech Lab  
  72  6:45  Marine  
  72  6:46  Marine  
  74  6:51  Terran Infantry Armor Level 1  
  74  6:57  Marine, Barracks x2  
  75  7:03  Marine  
  75  7:04  Reaper  
  75  7:07  Siege Tank  
  80  7:10  Marine  
  80  7:15  Marine  
  79  7:22  Marine  
  68  7:26  SCV x2  
  68  7:27  Marine  
  72  7:33  Marine  
  72  7:36  Marine  
  70  7:40  Marine  
  50  7:45  Marine  
  50  7:47  Marine  
  50  7:48  SCV x2  
  50  7:49  SCV  
  50  7:50  Marine x2  
  56  7:53  Marine  
  56  7:54  Medivac x2  
  56  7:56  Siege Tank  
  56  7:58  Marine  
  65  8:00  SCV  
  65  8:01  SCV  
  65  8:03  Marine, SCV  
  65  8:05  Marine  
  70  8:06  Refinery  
  70  8:08  Marine x2  
  70  8:11  Marine  
  70  8:12  SCV  
  71  8:13  Combat Shields  
  71  8:14  Orbital Command  
  71  8:16  Marine  
  71  8:18  SCV  
  74  8:21  Marine  
  74  8:22  Marine  
  74  8:25  Marine  
  74  8:26  Marine  
  76  8:29  Marine  
  76  8:31  SCV x2  
  76  8:33  Marine  
  75  8:39  Marine  
  75  8:40  Marine  
  75  8:43  Marine  
  75  8:44  Marine  
  75  8:47  Marine  
  78  8:51  Marine  
  76  8:56  Marine  
  76  8:58  Marine  
  76  9:01  Marine  
  76  9:02  Marine  
  80  9:05  Marine  
  80  9:13  Marine  
  80  9:14  Marine  
  80  9:16  Marine  
  82  9:19  Marine, SCV  
  82  9:20  Marine  
  85  9:29  Marine  
  85  9:30  SCV x2  
  88  9:31  Marine  
  88  9:34  Marine  
  88  9:35  Marine  
  88  9:37  Marine x2  
  73  9:46  SCV x3  
  73  9:47  Marine  
  73  9:49  Marine  
  73  9:52  Marine  
  79  9:55  Marine x2  
  79  9:57  Marine  
  79  9:58  SCV x2  
  83  10:20  Medivac x2  
  87  10:22  SCV  
  87  10:23  Marine x3, SCV x2  
  87  10:24  Marine x3  
  96  10:31  Engineering Bay  
  96  10:33  Armory  
  96  10:34  Siege Tank  
  96  10:35  SCV x2  
  101  10:42  Supply Depot  
  101  10:59  SCV x3  
Show
View Real Time Build Order
Export as new Build Order

soul Terran - Winner!

Build Orders: Reaper Expand, MMM Bio 

Get SALT Encoding   

  12  0:00  SCV  
  13  0:13  SCV  
  14  0:17  Supply Depot  
  14  0:25  SCV  
  15  0:39  SCV  
  15  0:41  Barracks  
  16  0:45  Refinery  
  16  0:51  SCV  
  17  1:03  SCV  
  18  1:15  SCV  
  19  1:29  Reaper, Orbital Command  
  20  1:44  Command Center  
  20  1:54  Supply Depot  
  20  1:56  SCV  
  21  2:01  Marine  
  22  2:10  Factory  
  22  2:12  SCV  
  23  2:19  Refinery  
  23  2:20  Marine  
  24  2:25  SCV  
  25  2:37  SCV  
  26  2:38  Marine  
  27  2:49  SCV  
  28  2:53  Starport, Factory Tech Lab  
  28  2:56  Marine  
  29  3:01  SCV  
  29  3:08  SCV  
  30  3:13  Marine  
  30  3:15  Cyclone  
  33  3:22  Orbital Command  
  33  3:26  SCV  
  34  3:30  Viking  
  37  3:38  Supply Depot  
  37  3:39  Barracks Reactor  
  36  3:41  SCV  
  37  3:53  SCV  
  38  3:56  SCV  
  38  3:57  Barracks  
  38  3:58  Barracks  
  39  4:02  Supply Depot  
  39  4:06  Viking  
  39  4:08  SCV  
  42  4:11  SCV  
  43  4:21  SCV  
  41  4:31  SCV  
  40  4:37  SCV  
  41  4:38  Siege Tank  
  41  4:43  SCV  
  45  4:45  Marine  
  45  4:46  Marine, Barracks Tech Lab x2  
  45  4:49  SCV  
  48  4:54  Engineering Bay  
  48  4:55  SCV  
  49  5:01  SCV  
  50  5:07  Starport Reactor, SCV  
  50  5:09  Refinery  
  50  5:10  Marine x3  
  50  5:13  SCV  
  55  5:19  SCV  
  53  5:26  Missile Turret  
  53  5:27  Missile Turret  
  53  5:28  SCV  
  53  5:30  Marine  
  53  5:31  SCV  
  53  5:33  Marine  
  53  5:35  Stimpack  
  55  5:40  SCV  
  53  5:43  SCV  
  53  5:52  SCV  
  53  5:56  SCV  
  54  6:01  Medivac  
  54  6:04  Medivac, SCV  
  54  6:07  Marine  
  54  6:08  SCV  
  58  6:13  Marine  
  58  6:16  SCV  
  60  6:20  SCV  
  60  6:22  Combat Shields  
  60  6:24  Marine  
  62  6:33  Supply Depot  
  62  6:49  Supply Depot, Liberator  
  62  6:52  Supply Depot, Refinery  
  62  6:54  Marine x3, SCV x2  
  62  6:59  Terran Infantry Weapons Level 1  
  62  7:00  Supply Depot  
  70  7:11  SCV x2  
  72  7:23  SCV x2  
  71  7:30  Supply Depot  
  71  7:32  Barracks  
  71  7:33  Barracks  
  71  7:35  SCV x2  
  71  7:36  Marine  
  71  7:37  Marine  
  71  7:38  Marine  
  71  7:39  Marine  
  65  7:47  SCV x2  
  65  7:49  Medivac  
  67  7:54  Marine x2  
  67  7:56  Marine  
  70  7:59  SCV x2  
  70  8:02  Supply Depot, Medivac  
  70  8:04  Marine  
  75  8:08  Command Center  
  75  8:11  SCV x2  
  77  8:12  Marine  
  77  8:18  Marine  
  77  8:19  Marine, Medivac  
  82  8:25  Barracks Reactor  
  81  8:28  Barracks Reactor, Marine  
  81  8:30  Marine, SCV  
  81  8:31  Medivac  
  81  8:33  SCV  
  87  8:36  Marine x2, Siege Tank  
  92  8:48  Supply Depot  
  92  8:50  Supply Depot  
  92  8:54  SCV  
  92  8:55  Supply Depot  
  90  8:56  Factory, Marine, SCV  
  90  8:59  Marine  
  90  9:00  Marine x2  
  90  9:02  Marine x2  
  97  9:12  SCV  
  97  9:16  Engineering Bay, Armory  
  98  9:24  SCV  
  98  9:25  Marine x4  
  98  9:26  Marine  
  98  9:27  SCV  
  98  9:28  Liberator  
  98  9:30  Factory Tech Lab  
  105  9:31  Marine  
  105  9:32  Marine, SCV  
  105  9:33  Marine  
  105  9:36  SCV  
  95  9:39  SCV  
  95  9:43  Marine x3  
  95  9:45  Medivac  
  103  9:47  Marine  
  103  9:48  Factory Tech Lab  
  104  9:53  Orbital Command  
  104  9:54  Marine, SCV  
  104  9:56  Marine  
  104  9:57  Marine  
  108  10:00  Marine  
  108  10:04  Marine x3  
  108  10:05  Marine  
  107  10:12  Marine  
  108  10:14  Marine  
  108  10:15  Medivac  
  108  10:18  Siege Tank  
  108  10:19  Supply Depot x2  
  108  10:20  Marine  
  115  10:25  Refinery  
  115  10:26  Refinery  
  115  10:28  Medivac  
  117  10:33  Barracks Reactor  
  117  10:34  Marine x5, SCV x3  
  125  10:39  Siege Tank  
  128  10:43  Marine  
  128  10:44  Marine  
  129  10:52  Marine x2  
  129  10:53  Marine  
  129  10:54  Marine  
  129  10:55  Marine  
Tags
 
Add a new tag
Caveats
  • Supply blocks, unpowered buildings, or Contaminate may cause inaccurate times.
  • Supply counts are checked every 10 seconds.